[Event "EU-ch 12th"]
[Site "Aix les Bains"]
[Date "2011.03.22"]
[Round "1"]
[White "Denisov, Ivan"]
[Black "Khalifman, Alexander"]
[Result "1/2-1/2"]
[ECO "B03"]
[WhiteElo "2300"]
[BlackElo "2637"]
[PlyCount "58"]
[EventDate "2011.03.22"]
[EventType "swiss"]
[EventRounds "11"]
[EventCountry "FRA"]
[SourceTitle "CBM 142 Extra"]
[Source "ChessBase"]
[SourceDate "2011.06.27"]
[SourceVersion "1"]
[SourceVersionDate "2011.06.27"]
[SourceQuality "1"]
[TimeControl "40/5400+30:1800+30"]

1. e4 Nf6 2. e5 Nd5 3. c4 Nb6 4. d4 d6 5. f4 g6 (5... dxe5 6. fxe5 c5 7. d5 e6
8. Nc3 exd5 9. cxd5 c4 $1 {Une recommandation de Mikenas} 10. Nf3 Bg4 11. Qd4
Bxf3 12. gxf3 Bb4 13. Bxc4 O-O 14. Rg1 g6 15. Bg5 Qc7 16. Bb3 {!!!? Fine} Bc5
17. Qf4 Bxg1 $13) 6. Nc3 Bg7 7. Be3 Be6 (7... O-O 8. c5 $36 N6d7 9. Nf3 b6 10.
cxd6 cxd6 11. h4 Bb7 12. h5 dxe5 13. fxe5 Nc6 14. hxg6 hxg6 15. Qd2 Ndxe5 16.
dxe5 Nxe5 17. Nxe5 Qxd2+ 18. Bxd2 Bxe5 19. O-O-O Rac8 20. Re1 Bf6 21. Rh3 Rfd8
22. g4 {Fernandez Garcia,J (2490)-Korneev, O (2565)/Elgoibar 1996/CBM 057 ext/
1/2-1/2 (41)}) 8. d5 ({RR} 8. Nf3 O-O 9. Qb3 a5 10. Ng5 Bf5 11. c5 a4 12. Qd1
dxc5 13. dxc5 Qxd1+ 14. Rxd1 Nc8 15. Bc4 Nc6 16. O-O h6 17. Nf3 a3 18. b3 N8a7
19. Rd2 Nb4 20. Nd4 Bc8 21. h3 b6 22. Rfd1 g5 {Simon,O (2338)-Degraeve,J (2573)
/Lille 2011/Mega2011 Update 19/1-0 (33)}) 8... Bc8 (8... Bf5 9. c5 dxc5 10.
Bxc5 O-O 11. Nf3 f6 12. e6 $36 ) 9. Nf3 O-O $146 ({RR} 9...
Bg4 10. h3 Bxf3 11. Qxf3 dxe5 12. c5 exf4 13. Bb5+ N6d7 14. Qxf4 O-O 15. O-O c6
16. Bc4 Nf6 17. Rad1 Nbd7 18. d6 exd6 19. Qxd6 Qa5 20. Ne4 Rae8 21. Bd2 Qd8 22.
Nxf6+ Nxf6 23. Bg5 Qxd6 24. cxd6 {Zvara, P (2409)-Stocek,J (2559)/Czechia 2009/
EXT 2010/0-1 (53)}) 10. Bd3 e6 $5 (10... Bg4 11. O-O) 11. O-O Na6 12. Be2 exd5
13. cxd5 Bg4 14. Bd4 Nb4 15. Qb3 c5 16. dxc6 Nxc6 17. Bxb6 Qxb6+ 18. Qxb6 axb6
19. exd6 Rfd8 20. Rfd1 Bf8 21. h3 Bxf3 22. Bxf3 Bxd6 23. g3 Bc5+ 24. Kg2 {(=)}
Bd4 25. a3 Bxc3 $1 26. bxc3 Kf8 (26... Rxd1 27. Rxd1 Rxa3 28. Rd7 Rxc3 29. Bd5 Rc2+ 30. Kf3 Rc3+ 31. Kg4) 27. Kf2 Rxd1 28. Bxd1 Rd8 29. Be2 Na5
1/2-1/2

[Event "EU-ch 12th"]
[Site "Aix les Bains"]
[Date "2011.03.23"]
[Round "2"]
[White "Khalifman, Alexander"]
[Black "Codenotti, Marco"]
[Result "1/2-1/2"]
[ECO "A10"]
[WhiteElo "2637"]
[BlackElo "2262"]
[PlyCount "29"]
[EventDate "2011.03.22"]
[EventType "swiss"]
[EventRounds "11"]
[EventCountry "FRA"]
[SourceTitle "CBM 142 Extra"]
[Source "ChessBase"]
[SourceDate "2011.06.27"]
[SourceVersion "1"]
[SourceVersionDate "2011.06.27"]
[SourceQuality "1"]
[TimeControl "40/5400+30:1800+30"]

1. Nf3 g6 2. c4 Bg7 3. e4 (3. d4 Nf6 4. Nc3 d5) 3... e5 4. d4 (4.
Nc3 $143 Nc6 $11 ) 4... exd4 $1 5. Nxd4 Nf6 6. Nc3 O-O 7. Be2 Re8 8. f3 c6 (8... d5 {Douteux mais pas facile а
réfuter devant l'échiquier!} 9. cxd5 Nxd5 10. Nxd5 c6 $13) 9. Bg5 Qb6 10. Nb3
d5 11. cxd5 cxd5 12. exd5 Na6 13. Bh4 Qb4 $146 {88 La préparation des Noirs et qui a un peu
déstabilisé le GMI qui s'est mis а réfléchir avant de proposer nulle ensuite} (
{RR} 13... Nb4 14. Bf2 Qd8 15. O-O Nbxd5 16. Nxd5 Qxd5 17. Qxd5 Nxd5 18. Bb5
Rd8 19. Rad1 Be6 20. Nd4 a6 21. Nxe6 fxe6 22. Bc4 Rac8 23. Bxd5 Rxd5 24. b3 Rc2
25. Rc1 Rdd2 26. Rxc2 Rxc2 27. a4 Rb2 28. Rc1 {Vitiugov,N (2355)-Danin,A (2219)
/Cherepovets 2001/ EXT 2002/1/2-1/2 (52)}) 14. Bf2 {78"} Nc7 15. O-O {49"
Visiblement, le GMI n'était pas dans un bon jour.} 1/2-1/2

[Event "EU-ch 12th"]
[Site "Aix les Bains"]
[Date "2011.03.25"]
[Round "4"]
[White "Khalifman, Alexander"]
[Black "Raznikov, Danny"]
[Result "1-0"]
[ECO "D23"]
[WhiteElo "2637"]
[BlackElo "2384"]
[PlyCount "101"]
[EventDate "2011.03.22"]
[EventType "swiss"]
[EventRounds "11"]
[EventCountry "FRA"]
[SourceTitle "CBM 142 Extra"]
[Source "ChessBase"]
[SourceDate "2011.06.27"]
[SourceVersion "1"]
[SourceVersionDate "2011.06.27"]
[SourceQuality "1"]
[TimeControl "40/5400+30:1800+30"]

1. d4 d5 2. c4 c6 3. Nf3 Nf6 4. Qb3 (4. Nc3) (4. e3) (4. Qc2 dxc4 5. e4 {
La différence avec la partie car les Blancs ont l'option supplémentaire du
gambit} b5 6. b3 cxb3 7. axb3 e6 8. Bd2 $44) 4... dxc4 5. Qxc4 Bf5 6. g3 e6 7.
Bg2 Nbd7 8. O-O Be7 9. e3 (9. Nc3) 9... O-O 10. Rd1 Rc8 ({RR} 10... e5 11. Nc3
Qc7 12. h3 Bg6 ({RR} 12... Rad8 13. Qe2 ({RR} 13. g4 Be6 14. Qe2 h6 15. e4 exd4
16. Nxd4 Bd6 17. Qc2 Rfe8 18. Nce2 Nb6 19. a4 a5 20. Be3 Bc4 21. b3 Ba6 22.
Rac1 Nbd7 23. g5 hxg5 24. Bxg5 Ba3 25. Ra1 Bb4) 13... Bb4 ({RR} 13... Ne4 14.
Nxe4 Bxe4 15. Nxe5 Bxg2 16. Nxd7 Rxd7 17. Kxg2 c5 18. d5 Qe5 19. e4) 14. e4
Bxc3 15. exf5 Bxd4 16. Nxd4 exd4 17. Rxd4 Rfe8 18. Be3 Nb6 19. Qc2 Nfd5 20. Bg5
f6 21. Bd2) ({RR} 12... Rfe8 13. dxe5 Nxe5 14. Nxe5 Qxe5 15. e4 Be6 16. Qe2 Bb4
17. f4 Qa5 18. Be3 Rad8 19. Qf2 Rxd1+ 20. Rxd1 Bxc3 21. bxc3 Qa4 22. Rd4 Bc4
23. Qd2 c5 24. Rd8 Rxd8 25. Qxd8+ Qe8 26. Qd6 b6 27. e5) 13. dxe5 Nxe5 14. Nxe5
Qxe5 15. e4 Qe6 16. Qxe6 fxe6 17. Be3 Rfd8 18. Rxd8+ Bxd8 19. Rd1 Ba5 ({RR} 
19... Bb6 20. Bxb6 axb6 21. f4 b5 22. a3) ({RR} 19... Bc7 20. f4 Ba5 21. e5 Nd5
22. Nxd5 cxd5 ({RR} 22... exd5 23. g4) 23. Rc1) 20. f3 e5 21. Na4 Bf7 ({RR} 
21... b6 22. a3 c5 23. Nc3 Bxc3 24. bxc3) 22. Nc5 b6 23. Na6 c5 ({RR} 23... Bc4
24. Bf1) ({RR} 23... Bxa2 24. b4 Bc4 25. bxa5 Bxa6 26. axb6 axb6 27. Bxb6) 24.
Bf1 Rc8 ({RR} 24... Bxa2 25. Ra1 Bf7 26. Nxc5 Bb4 27. Nd3 Bd6 28. Bxb6) 25. h4
{Mamedyarov,S (2761)-Eljanov,P (2755)/Moscow 2010/CBM 139/[Krasenkow]/1-0 (49)}
) ({RR} 10... Qc7) ({RR} 10... Ne4) 11. Qe2 b5 ({RR} 11... c5 12. Nc3 Ne4 13.
Ne1 Nxc3 14. bxc3 Qa5 15. Bd2 Rc7 16. e4 Bg6 17. Nd3 Qa6 18. Qe3 Nb6 19. Qf3
Nc4 20. Bf4 Rd7 21. h4 h6 22. h5 Bh7 23. Nxc5 Bxc5 24. dxc5 Rxd1+ 25. Rxd1 e5
26. Bc1 Qxa2 27. Bf1 Na5 {Kramnik,V (2790)-Smeets,J (2651)/Nice 2010/CBM 135
Extra/1-0 (53)}) 12. b3 $146 (12. Nbd2 Bc2 {Horvath,J (2519)-Berczes,D (2430)
HUN-chT 0708 2007 (7) 1-0}) 12... Qb6 13. Bb2 Rfd8 14. h3 h6 15.
Nc3 b4 16. Na4 Qb5 $1 17. Qf1 Bc2 18. Rd2 Be4 19. Rc1 Qd5 20. Qd1 Qb5 21. Bf1
Qb7 22. Bg2 Qb5 23. Qf1 Qd5 24. Qe2 Qb5 25. Ne1 Bxg2 26. Kxg2 Ne4 27. Rdc2 Qxe2
28. Rxe2 Nb6 29. f3 Nxa4 (29... Nd6) 30. fxe4 Nxb2 31. Rxb2 c5 32. Rbc2 Rb8 33.
dxc5 (33. Nf3 cxd4 34. exd4) 33... Bf6 34. Kf3 (34. Nf3 Bc3)
34... Rb7 35. Ke2 Rbd7 36. c6 Rc7 37. Rc5 Bc3 38. Nd3 Rdc8 39. a3 $1 Rb8 40. e5 Rb6 41. Kd1 Kf8 42. axb4 Bxb4 43. Nxb4 Rxb4 44. Kc2 Ke7 45.
Kb2 Re4 46. R1c3 h5 (46... f6) 47. Ka3 h4 48. g4 f5 49. exf6+ gxf6 50. b4 Kd8
51. Rh5 1-0

[Event "EU-ch 12th"]
[Site "Aix les Bains"]
[Date "2011.03.26"]
[Round "5"]
[White "Djukic, Nikola"]
[Black "Khalifman, Alexander"]
[Result "1/2-1/2"]
[ECO "C70"]
[WhiteElo "2494"]
[BlackElo "2637"]
[PlyCount "88"]
[EventDate "2011.03.22"]
[EventType "swiss"]
[EventRounds "11"]
[EventCountry "FRA"]
[SourceTitle "CBM 142 Extra"]
[Source "ChessBase"]
[SourceDate "2011.06.27"]
[SourceVersion "1"]
[SourceVersionDate "2011.06.27"]
[SourceQuality "1"]
[TimeControl "40/5400+30:1800+30"]

1. e4 e5 2. Nf3 Nc6 3. Bb5 a6 4. Ba4 Nge7 5. c3 (5. O-O g6 6. c3 Bg7 7. d4 exd4
8. cxd4 b5 9. Bc2 O-O (9... d5)) 5... g6 6. d4 exd4 7. cxd4 b5 8. Bb3 {83} (8.
Bc2 Bg7 9. d5 Na5 10. Bd2 Nc4 (10... c5 11. Bc3 Bxc3+ 12. Nxc3 $14) (10... Bxb2
11. Nc3 $44 (11. Bxa5 Bxa1 12. Nc3)) 11. Bc3 Bxc3+ 12. Nxc3 {Sethuraman,S 
(2529)-Ghosh,D (2372) Chennai op 4th 2012 (11) 1-0}) 8... Bg7 {85} 9. d5 Na5
10. Bc2 d6 11. O-O {66} O-O 12. h3 {50} c6 $146 {70} (12... Nc4 13. Nc3 c6 14.
dxc6 Nxc6 15. a4 b4 16. Nd5 h6 17. Bb3 N4e5 18. Nxe5 dxe5 19. Be3 Rb8 20. Bc5
Re8 21. a5 Qg5 22. Qd3 Bb7 23. Rfd1 Bf8 24. Bb6 Nd4 25. Ba4 Bxd5 26. Bxd4 Bc4
27. Qxc4 {Khukhashvili,S (2421)-Das,S (2268)/Dubai 2011/Mega2011 Update 17/1-0
(61)}) 13. dxc6 {48 La nouveauté était prévue par les Noirs} Nexc6 14. Nc3 Be6
15. Nd5 {28} (15. a4) 15... Nc4 {47} 16. Rb1 Bxd5 17. exd5 Nb4 18. Bb3 a5 19.
a3 Na6 20. Nd4 {17} Qb6 {28} 21. Nc6 Nb8 (21... Rfe8) 22. Bxc4 (
22. Ne7+ Kh8 23. Re1 $14) 22... bxc4 23. Be3 Qb7 24. Qa4 {10} Nxc6 {21} 25.
dxc6 Qb3 26. Qxb3 cxb3 27. Rfd1 {03} (27. Rfc1 Rfc8) 27... Rfc8 {19} 28. Rxd6
a4 29. Bb6 Be5 30. Rd5 Rxc6 31. Rxe5 Rxb6 32. Rbe1 Kg7 33. Re8 Raa6 34. R8e4
Rc6 35. Rb4 Rc2 $17 36. Ree4 Rxb2 37. Rxa4 Rd6 (37... Rf6 $1 ) 38. Red4 Re6 39. Rab4 Ree2 40. Rf4 Rb1+ 41. Kh2
Re7 42. Rf3 b2 43. Re3 Rxe3 44. fxe3 Ra1 1/2-1/2

[Event "EU-ch 12th"]
[Site "Aix les Bains"]
[Date "2011.03.27"]
[Round "6"]
[White "Khalifman, Alexander"]
[Black "Dubov, Daniil"]
[Result "1/2-1/2"]
[ECO "B67"]
[WhiteElo "2637"]
[BlackElo "2489"]
[PlyCount "99"]
[EventDate "2011.03.22"]
[EventType "swiss"]
[EventRounds "11"]
[EventCountry "FRA"]
[SourceTitle "CBM 142 Extra"]
[Source "ChessBase"]
[SourceDate "2011.06.27"]
[SourceVersion "1"]
[SourceVersionDate "2011.06.27"]
[SourceQuality "1"]
[TimeControl "40/5400+30:1800+30"]

1. e4 c5 2. Nf3 d6 3. d4 cxd4 4. Nxd4 Nf6 5. Nc3 Nc6 6. Bg5 e6 7. Qd2 a6 8.
O-O-O Bd7 (8... h6) 9. f4 b5 10. Bxf6 gxf6 11. Kb1 (11. f5 $5 )
11... Qb6 12. Nxc6 (12. Nce2) 12... Bxc6 13. f5 (13. Qe1) 13... b4 (13... Qc5
14. Bd3 b4) 14. Ne2 e5 (14... Bxe4 15. fxe6 fxe6 16. Nf4 d5 17.
Bd3 O-O-O 18. Bxe4 dxe4 19. Qe2 $44) 15. Ng3 h5 16.
h4 Qc5 17. Bd3 (17. Qe2 Ke7 18. Nxh5 $16 {[%emt 0:33:28] Adams,M 
(2734)-Czarnota, P (2531)/Bundesliga 0809 (15.3)/1/2-1/2}) 17... Bh6 18. Qe2
Ke7 19. Nxh5 Qe3 20. Qf1 (20. Qxe3 $6 Bxe3 21. Ng3 Rag8 $132 )
20... Bxe4 21. Rh3 Bxd3 22. Rxd3 Qc1+ 23. Qxc1 Bxc1 24. g4 $146 ({RR} 24. Nxf6
Kxf6 25. Kxc1 Rag8 26. Rxd6+ Kxf5 27. Rf3+ ({RR} 27. Rd2 Rg4 (27... e4 ) 28. Rf2+ Ke6 29. Rhf3 Rhxh4 30. Rf6+ Kd5 31. Rxf7 Rh1+ 32. Kd2 Rh2
33. Rd7+ Kc6 34. Ra7 Rgxg2 35. Rxg2 Rxg2+ 36. Kd3 e4+ 37. Kxe4 Kb6 38. Rh7 Rxc2
39. Rh6+ Kb5 40. Rh5+ Kb6 41. Rh6+ {1/2-1/2 Saric,I (2566)-Jankovic,A (2571)/
Rijeka 2009/CBM 128 Extra (41)}) 27... Ke4 28. Rxf7 Rxg2 29. Rf1 Rxh4 30. Re1+
Kf5 31. Rf1+ {1/2-1/2 Gallagher,J (2464)-Jankovic,A (2548)/Novi Sad 2009/CBM
133 (31)}) 24... Bh6 25. a3 Rag8 $132 26. Nxf6 Kxf6 27. Rxd6+ Kg7 28. g5 Bxg5
29. Rg3 Rxh4 30. Rxg5+ Kh7 31. Rxg8 Kxg8 32. axb4 Rxb4 33. Rxa6 Rf4 34. f6 Kh7
35. c3 Kg6 36. b4 Rf2 (36... e4 37. b5) 37. b5 e4 38. Ra8 $1 e3 (38... Kxf6 $2 39. b6 $18) 39. Re8 Rf5 40. c4 Rf4 41. Kb2 Rxc4
42. Kb3 (42. Rxe3 Kxf6 $11) 42... Rc1 43. Rxe3 Kxf6 44. Kb4 Kg5 45. b6 Rc8 46.
b7 Rb8 47. Re7 f5 48. Kc5 f4 49. Kd4 (49. Kb6 f3 50. Ka7 Rxb7+ $1 51. Kxb7 Kf4
52. Rf7+ Ke3 $11 ) 49... f3 50. Ke3 1/2-1/2

[Event "EU-ch 12th"]
[Site "Aix les Bains"]
[Date "2011.03.28"]
[Round "7"]
[White "Wells, Peter K"]
[Black "Khalifman, Alexander"]
[Result "1/2-1/2"]
[ECO "E61"]
[WhiteElo "2487"]
[BlackElo "2637"]
[PlyCount "23"]
[EventDate "2011.03.22"]
[EventType "swiss"]
[EventRounds "11"]
[EventCountry "FRA"]
[SourceTitle "CBM 142 Extra"]
[Source "ChessBase"]
[SourceDate "2011.06.27"]
[SourceVersion "1"]
[SourceVersionDate "2011.06.27"]
[SourceQuality "1"]
[TimeControl "40/5400+30:1800+30"]

1. d4 d6 2. Nf3 Nf6 3. c4 g6 4. Nc3 Bf5 5. g3 (5. Qb3 {Recommandé dans sa
monographie par ... KHALIFMAN!}) (5. Nh4) 5... Ne4 6. Nxe4 Bxe4 7. Bh3 Bg7 8.
O-O O-O 9. Re1 $146 (9. d5 {Haik,A (2440)-Benoit,M (2240) FRA-ch 54th Puteaux
1980 (1) 1-0}) 9... Bc6 10. Bg2 (10. e4) 10... Be4 11. Bh3 Bc6 12. Bg2 1/2-1/2

[Event "EU-ch 12th"]
[Site "Aix les Bains"]
[Date "2011.03.30"]
[Round "8"]
[White "Khalifman, Alexander"]
[Black "Yilmaz, Mustafa"]
[Result "1-0"]
[ECO "A13"]
[WhiteElo "2637"]
[BlackElo "2488"]
[PlyCount "137"]
[EventDate "2011.03.22"]
[EventType "swiss"]
[EventRounds "11"]
[EventCountry "FRA"]
[SourceTitle "CBM 142 Extra"]
[Source "ChessBase"]
[SourceDate "2011.06.27"]
[SourceVersion "1"]
[SourceVersionDate "2011.06.27"]
[SourceQuality "1"]
[TimeControl "40/5400+30:1800+30"]

1. Nf3 Nf6 2. c4 e6 3. g3 a6 $5 {[%cal Gb7b5] Une idée originale de Romanishin}
4. Bg2 b5 5. d3 (5. Ne5 {Bizarrement, la découverte ne donne rien de concret
aux Blancs} Ra7 ) (5. b3 {This is a logical move.
White is better prepared for the opening of the b file. Also interresting is 5.
d3 and in that case the game is calmer and White's pawn structure is better 
(Khalifman: Opening for white vol 2)}) (5. Na3 $5 {Bartel}) 5... Bb7 6. O-O c5
7. Nc3 $1 b4 8. Na4 d6 9. d4 $5 (9. e4 Be7 10. e5 $14 {Romanishin,
O (2571)-Markos,J (2467) SVK-ch Kaskady 2002 (7) 1-0}) (9. a3 $5 $146 {Un coup
logique après avoir provoqué la poussée b5b4} a5 $11 (9... Nc6 10. d4 Nxd4 11.
Nxd4 Bxg2 12. Nxe6 (12. Kxg2 cxd4 13. Qxd4 bxa3 14. Rxa3 d5 15. c5 (15. Rb3)
15... Be7 (15... Rb8 16. Bf4) 16. b4 $16) 12... fxe6 13. Kxg2)) 9... cxd4 $146
(9... Nbd7 10. dxc5 {Vojinovic,G (2468)-Manic,J (2263) SRB-chT2 Golubac 2008 
(8) 1-0}) 10. Nxd4 (10. Qxd4 $5) 10... Bxg2 11. Kxg2 Qc7 (11... Be7) 12. Bg5 {
Un coup naturel mais peut-être pas le plus précis} (12. f3 $142 $5 {[%cal
Ge2e4] Plus souple car dans certaines variantes, le Bg5 non protégé peut
donner des ressources tactiques aux Noirs et d'ailleurs, les Blancs vont
rejouer le B quelques coups plus tard.} Nbd7 13. e4 Be7 14. Be3 O-O 15. Rc1
Rfc8 16. Qb3 Qb7 $11 (16... Rab8)) 12... Nbd7 13. Rc1 Be7
(13... Qb7+) 14. Qb3 Rb8 (14... Qb7+ 15. f3 (15. Qf3)) 15.
Rfd1 O-O 16. Kg1 {Evite un échec intermédiaire} (16. f3) 16... Rfc8 $11 17. Bf4
Nh5 $1 (17... e5 $6 18. Nf5) 18. Be3 Ne5 $2 {Laisse un temps
aux Blancs pour réactiver le Na4 qui était mal placé} (18... Nhf6 {Propose
tacitement de répéter les coups}) (18... Qb7 $1 19.
Bd2 (19. f3 Ne5 20. Bf2 Nf6 21. e4 Rc7 ) (19. Nc2 Ne5 20. Ne1) (19. Rc2)) 19. c5 $1 d5 20.
Nb6 $36 Re8 21. Qxb4 Nc4 22. Rxc4 $1 dxc4 23. Nf3 $44 Nf6 24. Bf4 {Le B finit enfin par
trouver une bonne case} Qxc5 25. Qxc5 Bxc5 26. Bxb8 Bxb6 27. Be5 $14 Ne4 28. e3 f6 29. Bc3 Nxc3 {(=)} 30. bxc3 {La position est
égale mais pas forcément nulle et les Blancs déclinent la proposition} Ba5 31.
Rd6 Bxc3 32. Rc6 $1 (32. Rxa6 $143 Rc8 (32... Bb2 )) 32... a5 33. Rxc4 Bb4 {Normalement avec des P sur les deux ailes, le
B doit dominer le N mais dans la position, le Bb4 est assez mal placé car il
doit défendre la faiblesse "a5"} 34. Nd4 $1 Kf7 (34... e5 35. Nc6 Ra8 36. Kf1
$14 ) 35. Kf1 (35. Kg2) 35... g6 36. a4 {[%csl Ra5] Fixant
la faiblesse "a5"} (36. Ke2) 36... Re7 (36... Bf8 37. Rc7+ Re7 38. Rc8 ) 37. Nc6 Rd7 38. Nxb4 axb4 39. Rxb4 {Les Blancs ont gagné un P
mais la R Blanche aura du mal а se placer derrière le P. La position rappelle
un peu la fameuse finale Alekhine-Capablanca dans la 34ème partie mais avec
seulement 03 P а l'aile-roi, ce qui diminue les chances de gain} Ra7 $1 {
Il ne faut pas laisser le temps aux Blancs de jouer a5, suivi de Ra4} 40. Ke2 Ke7 (40... h5) 41. Kd3 Kd6 42. Kc3 e5 (42... h5) 43. h4 (
43. Rb6+ $5 Ke7 (43... Kc5 44. Rb5+ Kc6 45. Kb4 ) (43... Kd5 44.
Kb4 f5 45. a5 ) 44. Kb4) 43... f5 44. Kb3 Kc6 45. Rb8 $1 Rd7 46. a5 Rd1 47. Kb2 (47. Rh8) 47... Rd2+ 48.
Ka3 Rd1 49. Rb2 $1 Ra1+ 50. Kb4 Rc1 51. Ra2 $1 {[%csl Ga2]
Les Blancs ont réussi а optimiser la position de la R Blanche derrière le P
mais ils ont encore un souci avec la R Noire qui coupe l'accès au centre pour
le K Blanc} Rb1+ $4 (51... Kb7 52. Kb5 Rb1+ 53. Kc5 Rd1 54. Rb2+ Ka7 {[%csl
Ga7,Gd1] Il y a encore du travail...}) 52. Kc3 Rc1+ $2 {Les Noirs étaient
probablement en zeitnot} 53. Kd2 Rf1 54. Ke2 Rb1 55. a6 Rb8 56. e4 Re8 57. a7
Kb7 58. a8=Q+ $1 (58. h5) 58... Rxa8 59. Rxa8 Kxa8 60. exf5 gxf5 61. g4 $1 fxg4 62. Ke3 Kb7 63. Ke4 Kc6 64. Kxe5 h5 65. Kf5 Kd5
66. Kg5 Ke4 67. Kxh5 Kf4 68. Kg6 Kf3 69. Kg5 1-0

[Event "EU-ch 12th"]
[Site "Aix les Bains"]
[Date "2011.04.01"]
[Round "10"]
[White "Khalifman, Alexander"]
[Black "Wirig, Anthony"]
[Result "1-0"]
[ECO "D38"]
[WhiteElo "2637"]
[BlackElo "2480"]
[PlyCount "77"]
[EventDate "2011.03.22"]
[EventType "swiss"]
[EventRounds "11"]
[EventCountry "FRA"]
[SourceTitle "CBM 142 Extra"]
[Source "ChessBase"]
[SourceDate "2011.06.27"]
[SourceVersion "1"]
[SourceVersionDate "2011.06.27"]
[SourceQuality "1"]
[TimeControl "40/5400+30:1800+30"]

1. d4 Nf6 2. c4 e6 3. Nc3 Bb4 4. Nf3 O-O 5. Bg5 d5 6. e3 h6 7. Bh4 c5 8. cxd5
exd5 ({RR} 8... g5 9. Bg3 Nxd5 10. Rc1 cxd4 11. exd4 Nc6 12. h4 g4 13. Ne5 f5
14. Bc4 Nxe5 15. Bxe5 b5 16. Bxd5 Qxd5 17. O-O Bxc3 18. Rxc3 Bb7 19. f3 Rac8
20. Qd2 Kh7 21. fxg4 Rxc3 22. bxc3 Rg8 23. g5 {Topalov,V (2767)-Polgar,J (2709)
/Dos Hermanas 2008/1-0 (62)}) 9. dxc5 g5 10. Bg3 Ne4 11. Rc1 Nc6 $146 (11...
Qa5 {Ponomariov,R (2737)-Kramnik,V (2790) Amber-rapid 19th 2010 (5) 0-1}) 12.
Bd3 Bg4 (12... Bxc3+) 13. O-O Bxc3 14. bxc3 Qf6 (14... Nxc5 $132 {Malgré
l'affaiblissement de l'aile-roi, l'activité des pièces Noires donnent assez de
contre-jeu aux Noirs}) 15. c4 Nxg3 16. fxg3 dxc4 17. Bxc4 (17.
Rxc4 Be6 18. Nd4) 17... Rad8 18. Qc2 Bf5 $6 (18... Be6 19. Nd4 Nxd4 20. Rxf6
Nxc2 21. Rxc2 Kg7 22. Rf1 Bxc4 23. Rxc4 Rd2 $132) 19. Nxg5 $1 Bxc2 20. Rxf6
hxg5 21. Rxc2 Kg7 22. Rf1 Ne5 23. Be2 Rd7 24. Rd1 Rxd1+ 25. Bxd1 Rc8 26. Bf3
Rc7 27. Kf1 Nd7 28. Ke2 Rxc5 29. Rxc5 Nxc5 30. Kd2 Kf6 31. Kc3 b6 32. h4 Kf5
33. g4+ Ke5 34. h5 Ne6 35. h6 Kf6 36. Be4 Nc7 37. Bf5 Nd5+ 38. Kd4 Nb4 39. e4
1-0